 Dungeon Crawl Stone Soup version 0.29.1-4-g47bece8355 (webtiles) character file.

Game seed: 6746829246741088096

14952 fantasyman the Protected (level 12, -3/100 HPs)
             Began as a Formicid Fighter on Dec 2, 2022.
             Was a High Priest of the Shining One.
             Slain by a fire elemental (10 damage)
             ... led by Azrael
             ... on level 11 of the Dungeon.
             The game lasted 00:22:47 (19033 turns).

fantasyman the Protected (Formicid Fighter)        Turns: 19033, Time: 00:22:49

Health: -3/100     AC: 18    Str: 23    XL:     12   Next: 51%
Magic:  12/12      EV:  8    Int: 12    God:    the Shining One [*****.]
Gold:   481        SH:  0    Dex: 12    Spells: 11/11 levels left

rFire   . . .      SeeInvis +   a - +1 flail (spect)
rCold   . . .      Faith    .   c - +0 buckler
rNeg    + + .      Spirit   .   q - +4 chain mail
rPois   +          Reflect  .   (helmet unavailable)
rElec   .          Harm     .   (no cloak)
rCorr   .          Rampage  .   m - +0 pair of gloves
Will    +....                   (no boots)
Stlth   ..........              k - amulet of the acrobat
HPRegen 0.26/turn               h - ring of poison resistance
MPRegen 0.13/turn               (no ring)

@: confused, silenced, ambrosia-drunk, glowing, studying Ranged Weapons
A: permanent stasis, dig shafts and tunnels, antennae 3, four strong arms,
clever 1, mutation resistance 1, weak 1
a: Dig, Shaft Self, Renounce Religion


You were on level 11 of the Dungeon.
You worshipped the Shining One.
The Shining One was extremely pleased with you.
You visited 2 branches of the dungeon, and saw 13 of its levels.
You also visited: Ossuary.

You collected 705 gold pieces.
You spent 224 gold pieces at shops.

Inventory:

Hand Weapons
 a - a +1 spectral flail (weapon)
 D - a +0 giant spiked club
Missiles
 l - 3 throwing nets
Armour
 c - a +0 buckler (worn)
 m - a +0 pair of gloves (worn)
 q - a +4 chain mail (worn)
Jewellery
 h - a ring of poison resistance (left hand)
 k - an amulet of the acrobat (around neck)
 x - a ring of positive energy
 C - a ring of wizardry
 F - an amulet of faith
 G - a ring of protection from cold
 H - the amulet of Zin's Favour {RegenMP rPois rC+}
   (You found it on level 11 of the Dungeon)

   [amulet of magic regeneration]

   It increases your rate of magic regeneration.
   rC:        It protects you from cold.
   rPois:     It protects you from poison.
Wands
 i - a wand of quicksilver (8)
 o - a wand of charming (6)
 v - a wand of flame (13)
 w - a wand of roots (8)
 z - a wand of mindburst (10)
Scrolls
 f - 8 scrolls of identify
 r - 3 scrolls of enchant armour
 y - 5 scrolls of magic mapping
 B - a scroll of fear
Potions
 e - 6 potions of brilliance
 j - 8 potions of curing
 n - 7 potions of flight
 p - 2 potions of degeneration
 s - a potion of cancellation
 t - 3 potions of attraction
 A - a potion of resistance


   Skills:
 * Level 11.3 Fighting
 - Level 4.7 Maces & Flails
 * Level 13.3 Armour
 * Level 8.4 Stealth
 * Level 12.5 Shields
 + Level 0.1 Evocations


You had 11 spell levels left.
You didn't know any spells.
Your spell library contained the following spells:

 Spells                   Type           Power      Damage    Failure   Level
 Apportation              Tloc           0%         N/A       87%         1
 Necrotise                Necr           0%         1d4       87%         1
 Summon Small Mammal      Summ           0%         N/A       87%         1
 Ensorcelled Hibernation  Hex/Ice        0%         N/A       95%         2
 Sublimation of Blood     Necr           0%         N/A       95%         2
 Wereblood                Tmut           0%         N/A       95%         2
 Inner Flame              Hex/Fire       0%         N/A       99%         3
 Lesser Beckoning         Tloc           0%         N/A       99%         3
 Spider Form              Tmut/Pois      0%         N/A       99%         3
 Stone Arrow              Conj/Erth      0%         3d7       99%         3
 Anguish                  Hex/Necr       0%         N/A       100%        4
 Animate Armour           Summ/Erth      0%         N/A       100%        4
 Cause Fear               Hex            0%         N/A       100%        4
 Olgreb's Toxic Radiance  Pois           0%         N/A       100%        4
 Manifold Assault         Tloc           0%         N/A       100%        5
 Summon Forest            Summ/Tloc      0%         N/A       100%        5
 Eringya's Noxious Bog    Tmut/Pois      0%         N/A       100%        6
 Ozocubu's Refrigeration  Ice            0%         4d7       100%        7
 Summon Hydra             Summ           0%         N/A       100%        7
 Discord                  Hex            0%         N/A       100%        8
 Ignition                 Fire           0%         3d3       100%        8
 Lehudib's Crystal Spear  Conj/Erth      0%         10d2      100%        8
 Blink                    Tloc           Unusable   N/A       N/A         2

Dungeon Overview and Level Annotations

Branches:
Dungeon (12/15)            Temple (1/1) D:5            Lair (0/5) D:11
    Orc (0/2) D:11        Ossuary (visited)

Altars:
Ashenzari
Cheibriados
Dithmenos
Elyvilon
Fedhas
Gozag
Hepliaklqana
Kikubaaqudgha
Makhleb
Nemelex Xobeh
Okawaru
Qazlal
Ru
Sif Muna
Trog
Uskayaw
Vehumet
Wu Jian
Xom
Yredelemnul
Zin
The Shining One

Shops:
D:2 ?   D:6 [   D:7 (!*   D:9 (


Innate Abilities, Weirdness & Mutations

You cannot be hasted, slowed, berserked, paralysed or teleported.
You can dig through walls and to a lower floor.
You have a pair of large antennae on your head. (SInv)
Your four strong arms can wield two-handed weapons with a shield.
Your mind is acute. (Int +4, Str/Dex -1)
You are somewhat resistant to further mutation.
You are weak. (Str -2)


Message History

The centaur shoots an arrow.
The arrow hits you! The fire elemental hits you. The fire elemental burns you!
You block the hell hound's attack. The fire elemental hits you.
The fire elemental burns you!
You climb upwards.
There is a stone staircase leading down, spattered with blood here.
You are too injured to fight recklessly!
You are too injured to fight recklessly!
Unknown command.
You are too injured to fight recklessly!
You are too injured to fight recklessly!
You are too injured to fight recklessly!
Unknown command.
You are too injured to fight recklessly!
You hit the hell hound.
The hell hound is lightly wounded.
Your +1 spectral flail misses the hell hound.
You block the fire elemental's attack. The hell hound bites you!
The fire elemental hits you. The fire elemental burns you!
The fire elemental hits you. The fire elemental burns you!
* * * LOW HITPOINT WARNING * * *
You block the hell hound's attack. x2
There are monsters nearby!
As you read the scroll of silence, it crumbles to dust.
A profound silence engulfs you. The fire elemental hits you.
The fire elemental burns you!
* * * LOW HITPOINT WARNING * * *
The hell hound bites you.
* * * LOW HITPOINT WARNING * * *
The fire elemental barely misses you. You block the fire elemental's attack.
You block the hell hound's attack.
The hell hound attacks as you move away!
You block the hell hound's attack. The fire elemental misses you.
The hell hound attacks as you move away!
The hell hound bites you.
* * * LOW HITPOINT WARNING * * *
You block the hell hound's attack.
You are confused.
You feel invigorated. The fire elemental hits you.
The fire elemental burns you!
You die...

# #..........................# ##
# #..........................# #.
# #..........................# #.
# #..........÷...............###.
# #.........°!...................
# #.....$....○○..............###.
# #...........°°.............# #.
# #............EE............# #.
# #............h@............# #.
###..........................# #.
##.......#########...........# #.
##.......##PPPPP##...........# #.
##.......#..PPPPP#........(..####
##.......#PPP...P#...............
..........PPP.>.P#...........####
###........P...PP#...............
#.........P..PP#...........##..


You could see 2 fire elementals and a hell hound (unsilenced).

Vanquished Creatures
  Gastronok (D:9)
  Josephine (D:11)
  Harold (D:9)
  A boulder beetle (D:11)
  Erica (D:8)
  2 ugly things (D:11)
  Maurice (D:11)
  A gargoyle (D:10)
  2 unseen horror zombies (D:8)
  A komodo dragon (D:11)
  A hornet (D:11)
  3 shadows
  4 wraiths (D:11)
  12 yaks
  A wyvern (D:8)
  Grum (D:9)
  A steam dragon (D:7)
  Menkaure (Ossuary)
  A warg (D:11)
  Duvessa (D:7)
  A water moccasin (D:6)
  A sky beast (D:6)
  3 orc warriors (D:11)
  2 ogres
  An ice beast (D:8)
  A black bear (D:7)
  3 wolves (D:9)
  5 centaurs
  A phantom (D:5)
  2 kobold brigands
  A gnoll sergeant (D:6)
  2 bullfrogs
  2 wyvern zombies (D:8)
  5 necrophages
  3 scorpions
  22 wights
  Dowan (D:7)
  16 killer bees
  A howler monkey (D:4)
  3 centaur zombies (Ossuary)
  2 human zombies
  A jelly (D:6)
  5 orc priests
  5 hounds
  A gnoll bouda (D:4)
  5 iguanas
  3 orc wizards
  A killer bee zombie (D:8)
  2 ogre zombies (Ossuary)
  8 mummies
  A howler monkey zombie (D:8)
  7 adders
  7 gnolls
  A shadow imp (D:6)
  2 white imps
  An ufetubus (D:6)
  3 adder zombies (Ossuary)
  3 worms
  A dart slug (D:5)
  21 orcs
  10 ball pythons
  9 endoplasms
  8 goblins
  4 hobgoblins
  4 jackals (D:1)
  17 kobolds
  3 quokkas
  4 bats
  5 frilled lizards
  2 gnoll zombies (Ossuary)
  4 goblin zombies (Ossuary)
  4 hobgoblin zombies (Ossuary)
  3 kobold zombies (Ossuary)
  A quokka zombie (Ossuary)
  8 rats
  7 rat zombies (Ossuary)
287 creatures vanquished.

Vanquished Creatures (others)
  A wight (D:8)
  7 fungi (D:5)
  4 plants (D:11)
12 creatures vanquished.

Grand Total: 299 creatures vanquished

Notes
Turn   | Place    | Note
-------+----------+-------------------------------------------
     0 | D:1      | fantasyman the Formicid Fighter began the quest for the
                  | Orb.
     0 | D:1      | Reached XP level 1. HP: 18/18 MP: 1/1
    35 | D:1      | You fall into a shaft and drop 1 floor!
    98 | D:2      | Reached XP level 2. HP: 12/24 MP: 2/2
   347 | D:2      | Reached XP level 3. HP: 15/30 MP: 3/3
   711 | D:2      | Found a faded altar of an unknown god.
   721 | D:2      | Reached skill level 1 in Stealth
  1090 | D:2      | Found Gateso's Magic Scroll Boutique.
  1471 | D:1      | Reached XP level 4. HP: 37/37 MP: 4/4
  2404 | D:3      | Reached skill level 4 in Armour
  3134 | D:3      | Reached XP level 5. HP: 40/42 MP: 5/5
  3618 | D:4      | Noticed a centaur
  3618 | D:4      | Noticed a centaur
  3629 | D:4      | Killed a centaur
  3630 | D:4      | Reached skill level 5 in Shields
  3630 | D:4      | Reached XP level 6. HP: 30/48 MP: 6/6
  4134 | D:4      | Reached XP level 7. HP: 47/54 MP: 7/7
  4486 | D:4      | Reached skill level 5 in Armour
  4586 | D:5      | Entered Level 5 of the Dungeon
  5460 | D:5      | Reached XP level 8. HP: 53/61 MP: 8/8
  5565 | D:5      | Found a staircase to the Ecumenical Temple.
  5622 | Temple   | Entered the Ecumenical Temple
  5629 | Temple   | Became a worshipper of the Shining One
  5876 | D:4      | Reached skill level 6 in Armour
  6026 | D:5      | Reached skill level 5 in Fighting
  6304 | D:5      | Found a bloodstained altar of Trog.
  6304 | D:5      | Found an iron altar of Okawaru.
  6347 | D:5      | You fall into a shaft and drop 3 floors!
  6705 | D:8      | Found a sand-covered staircase.
  6710 | Ossuary  | Entered an ossuary
  7080 | Ossuary  | Reached * piety under the Shining One
  7455 | Ossuary  | Reached ** piety under the Shining One
  7646 | Ossuary  | Reached *** piety under the Shining One
  7647 | Ossuary  | Noticed Menkaure
  7658 | Ossuary  | Killed Menkaure
  7659 | Ossuary  | Reached skill level 7 in Armour
  7659 | Ossuary  | Reached XP level 9. HP: 34/69 MP: 9/9
  8259 | D:8      | Noticed Erica
  8281 | D:8      | Killed Erica
  8282 | D:8      | Reached skill level 5 in Stealth
  8673 | D:8      | Reached skill level 8 in Armour
  8695 | D:7      | Found Wuicwek's Weapon Boutique.
  8831 | D:7      | Found Doimimap's Distillery.
  8834 | D:7      | Bought a potion of mutation for 112 gold pieces
  8834 | D:7      | Bought a potion of mutation for 112 gold pieces
  8834 | D:7      | Gained mutation: Your spells are a little harder to cast,
                  | but a little more powerful. [potion of mutation]
  8834 | D:7      | Gained mutation: You have sharp fingernails. [potion of
                  | mutation]
  9036 | D:7      | Found a blossoming altar of Fedhas.
  9036 | D:7      | Found a glowing silver altar of Zin.
  9044 | D:7      | Found a radiant altar of Vehumet.
  9216 | D:7      | Found a faded altar of an unknown god.
  9218 | D:7      | Found a sparkling altar of Nemelex Xobeh.
  9240 | D:7      | Noticed Dowan
  9244 | D:7      | Killed Dowan
  9246 | D:7      | Noticed Duvessa
  9259 | D:7      | Killed Duvessa
  9532 | D:7      | Found Uraguino's Assorted Antiques.
  9774 | D:7      | Reached XP level 10. HP: 64/80 MP: 10/10
  9940 | D:6      | Reached skill level 9 in Armour
 10275 | D:6      | Reached **** piety under the Shining One
 10510 | D:6      | Found Iblosi's Antique Armour Shop.
 11559 | D:8      | Reached skill level 10 in Armour
 11807 | D:8      | Reached ***** piety under the Shining One
 11888 | D:8      | Found an ancient bone altar of Kikubaaqudgha.
 12434 | D:8      | Reached skill level 10 in Shields
 12434 | D:8      | Reached XP level 11. HP: 56/89 MP: 11/11
 12813 | D:9      | Noticed Gastronok
 13308 | D:8      | Lost mutation: You have sharp fingernails. [potion of
                  | mutation]
 13308 | D:8      | Lost mutation: Your spells are a little harder to cast, but
                  | a little more powerful. [potion of mutation]
 13308 | D:8      | Gained mutation: You do not regenerate when monsters are
                  | visible. [potion of mutation]
 13308 | D:8      | Gained mutation: You occasionally lose the ability to read
                  | scrolls when taking damage. [potion of mutation]
 13308 | D:8      | Gained mutation: Your mind is acute. (Int +4, Str/Dex -1)
                  | [potion of mutation]
 13309 | D:8      | Lost mutation: Your mind is acute. (Int +4, Str/Dex -1)
                  | [potion of mutation]
 13309 | D:8      | Lost mutation: You do not regenerate when monsters are
                  | visible. [potion of mutation]
 13309 | D:8      | Gained mutation: You are weak. (Str -2) [potion of
                  | mutation]
 13309 | D:8      | Gained mutation: You are very weak. (Str -4) [potion of
                  | mutation]
 13309 | D:8      | Gained mutation: You passively map a small area around you.
                  | [potion of mutation]
 13310 | D:8      | Lost mutation: You passively map a small area around you.
                  | [potion of mutation]
 13310 | D:8      | Lost mutation: You occasionally lose the ability to read
                  | scrolls when taking damage. [potion of mutation]
 13310 | D:8      | Lost mutation: You are very weak. (Str -4) [potion of
                  | mutation]
 13310 | D:8      | Gained mutation: Your mind is acute. (Int +4, Str/Dex -1)
                  | [potion of mutation]
 13310 | D:8      | Gained mutation: You are somewhat resistant to further
                  | mutation. [potion of mutation]
 13328 | D:9      | Killed Gastronok
 13329 | D:9      | Reached skill level 11 in Armour
 14102 | D:9      | Found Qazeopsu's Antique Weapon Emporium.
 14144 | D:9      | Noticed Grum
 14623 | D:9      | Killed Grum
 14624 | D:9      | Reached skill level 10 in Fighting
 14966 | D:9      | Noticed Harold
 14976 | D:9      | Killed Harold
 14977 | D:9      | Reached skill level 12 in Armour
 15325 | D:10     | Entered Level 10 of the Dungeon
 16684 | D:11     | Found a staircase to the Orcish Mines.
 16828 | D:11     | Found a staircase to the Lair.
 16859 | D:11     | Reached XP level 12. HP: 97/98 MP: 12/12
 16877 | D:11     | Identified the amulet of Zin's Favour {RegenMP rPois rC+}
 17946 | D:12     | Noticed Josephine
 17946 | D:12     | Noticed Maurice
 17946 | D:12     | Noticed a boulder beetle
 17956 | D:11     | Killed Maurice
 17997 | D:11     | Killed a boulder beetle
 17998 | D:11     | Reached skill level 13 in Armour
 18279 | D:11     | Killed Josephine
 18618 | D:12     | HP: 4/100 [troll (12)]
 18625 | D:12     | HP: 3/100 [yak (8)]
 18631 | D:12     | HP: 2/100 [yak (13)]
 19032 | D:11     | HP: 2/100 [hell hound[Azrael] (5)]
 19033 | D:11     | Slain by a fire elemental

Illustrated notes

Levels and vault maps discovered:
D:1:      matt_arrival_spirals, layout_basic, minmay_pentomino_t4
D:2:      layout_basic, serial_shops, nicolae_shop_behind_doors,
          ebering_ecumenical_altar_mist, chequers_serial_rivers_micro_c,
          bh_walls_and_bars
D:3:      layout_basic, minmay_misc_feat_nine_boxes
D:4:      layout_loops_ring, cheibrodos_sewer_entry_bend, st_stairs_13,
          minmay_manual_mares
D:5:      kennysheep_steamy, layout_basic, grunt_temple_overflow_bloody_war,
          minmay_temple_entry_stoned_glass
D:6:      layout_cave_pools, serial_shops, nicolae_shop_window_shopping
D:7:      layout_basic, chequers_temple_overflow_minitemple, serial_shops,
          kennysheep_little_box, nicolae_shop_behind_doors, shop, uniq_duvessa
D:8:      layout_rooms, lemuel_mausoleum_altar_kikubaaqudgha, enter_ossuary_2,
          uniq_erica
D:9:      layout_roguey, serial_shops, nicolae_shop_waterfront, uniq_grum,
          uniq_harold, uniq_gastronok
D:10:     layout_long_grid, due_unseen_surprise
D:11:     layout_basic, david_lair_shrubbed, david_orc_1_choice
D:12:     layout_rooms, portal_ice_cave_rime, uniq_josephine, uniq_azrael,
          uniq_maurice
Temple:   nicolae_temple_no_exploring_needed

Skill      XL: |  1  2  3  4  5  6  7  8  9 10 11 12 |
---------------+-------------------------------------+-----
Stealth        | 1 2 3 4 5 6 7 8 |  8.4
Armour         | 4 5 7 8 10 12 13 | 13.3
Maces & Flails | 3 4 |  4.7
Fighting       | 4 6 8 9 10 11 | 11.3
Shields        | 5 6 7 8 10 11 12 | 12.5
Evocations     | |  0.1

Action                   |  1- 3 |  4- 6 |  7- 9 | 10-12 || total
-------------------------+-------+-------+-------+-------++-------
Melee: Flail             |    97 |   167 |   353 |   389 ||  1006
 Abil: Dig               |     4 |       |     1 |       ||     5
       Shaft Self        |     1 |       |     1 |       ||     2
Evoke: Wand              |       |       |       |     3 ||     3
  Use: Scroll            |       |     3 |    17 |     5 ||    25
       Potion            |       |       |     8 |    11 ||    19
Armor: Scale mail        |    58 |    40 |       |       ||    98
       Chain mail        |       |   103 |   198 |   311 ||   612
Dodge: Dodged            |    43 |    80 |   201 |   279 ||   603
Block: Buckler           |    20 |    70 |   120 |   211 ||   421
